 Dungeon Crawl Stone Soup version 0.25-a0-294-gea9b1ad378 (webtiles) character file.

Game seed: 15719017896313391892, levelgen mode: deterministic

53 Holzbalken the Cudgeler (level 3, -2/27 HPs)
             Began as a Demonspawn Gladiator on Dec 19, 2019.
             Slain by Terence
             ... wielding a +0 flail
              (6 damage)
             ... on level 2 of the Dungeon.
             The game lasted 00:04:43 (1458 turns).

Holzbalken the Cudgeler (Demonspawn Gladiator)      Turns: 1458, Time: 00:04:43

Health: -2/27      AC:  4    Str: 15    XL:     3   Next: 64%
Magic:  3/3        EV: 12    Int:  9    God:
Gold:   193        SH:  0    Dex: 14    Spells: 2/2 levels left

rFire    . . .     SeeInvis .   a - +0 flail
rCold    . . .     Gourm    .   (no shield)
rNeg     . . .     Faith    .   b - +0 leather armour
rPois    .         Spirit   .   c - +0 helmet
rElec    .         Reflect  .   (no cloak)
rCorr    .         Harm     .   (no gloves)
MR       .....                  (no boots)
Stlth    +.........             (no amulet)
HPRegen  0.09/turn              (no ring)
MPRegen  0.08/turn              (no ring)

@: hasted, very quick
A: claws 2
a: no special abilities


You were on level 2 of the Dungeon.
You were not hungry.

You visited 1 branch of the dungeon, and saw 2 of its levels.

You collected 193 gold pieces.

Inventory:

Hand Weapons
 a - a +0 flail (weapon)
Missiles
 d - 3 throwing nets (quivered) {!f}
Armour
 b - a +0 leather armour (worn)
 c - a +0 helmet (worn)
 i - a +0 plate armour
   (You found it on level 1 of the Dungeon)
Scrolls
 k - a scroll of blinking {unknown}
 m - a scroll of noise {unknown}
 n - a scroll of fear {unknown}
Potions
 f - a potion of experience {unknown}
 g - 2 potions of haste {@q3}
 j - a potion of invisibility {unknown}
 l - a potion of lignification {unknown}
Comestibles
 e - 4 rations {!d}
 h - 7 chunks of flesh


   Skills:
 - Level 2.0 Fighting
 + Level 4.2 Maces & Flails
 - Level 1.7 Throwing
 - Level 2.6 Dodging


You had 2 spell levels left.
You didn't know any spells.
Your spell library was empty.

Dungeon Overview and Level Annotations

Branches:
Dungeon (2/15)

Altars:

Annotations:
D:2 Terence


Innate Abilities, Weirdness & Mutations

You have very sharp fingernails.


Message History

You butcher the hobgoblin corpse of Robin.
h - 14 chunks of flesh (gained 4)
Items here: ) [[ ÷ a +0 spear; a cursed +0 animal skin; a +0 helmet the hobgoblin skeleton of Robin
Items here: ))) †††
Okay, then.
You butcher the goblin corpse.
h - 16 chunks of flesh (gained 2)
Items here: ))) ÷ †† You butcher the goblin corpse.
h - 18 chunks of flesh (gained 2)
Items here: ))) ÷÷ † You butcher the jackal corpse.
h - 21 chunks of flesh (gained 3)
Items here: ))) ÷÷÷ There isn't anything to butcher here.
Okay, then.
Okay, then.
Items here: ) [[ ÷ a +0 spear; a cursed +0 animal skin; a +0 helmet the hobgoblin skeleton of Robin You see here a hobgoblin skeleton.
You start resting.
Eating one of 21 chunks of flesh.
You eat one of the 21 chunks of flesh.
Some of the chunks of flesh in your inventory have rotted away. x2
You see here a hobgoblin skeleton.
Some of the chunks of flesh in your inventory have rotted away.
Found a stone staircase leading down.
Terence the Incautious comes into view.
He is wielding a +0 flail.
Terence shouts!
A bat comes into view.
You hit Terence but do no damage. Terence misses you.
You hit Terence. Terence hits you with a +0 flail.
You barely miss Terence. Terence closely misses you.
You hit Terence but do no damage. Terence hits you with a +0 flail!
* * * LOW HITPOINT WARNING * * *
You hit Terence but do no damage. Terence hits you but does no damage.
Some of the chunks of flesh in your inventory have rotted away.
You barely miss Terence. Terence hits you with a +0 flail!
* * * LOW HITPOINT WARNING * * *
You hit Terence. Terence misses you.
You closely miss Terence. Terence hits you with a +0 flail.
* * * LOW HITPOINT WARNING * * *
You barely miss Terence. Terence barely misses you.
You hit Terence but do no damage. Terence closely misses you.
It was a potion of haste.
You feel yourself speed up. Terence barely misses you.
You hit Terence but do no damage. Terence hits you with a +0 flail.
You die...

...####### #
#.......######
#.#.#####.##...### .>..
#...........# #
#.#..#.##..#...#.# #.#
#......##..##.##.####.#.#
#...b@@..##..........#
.....#####.#####.##.#.##
### #.#####.##.##.##
#.......##.##..#
##########.##... #......
####... #.... ###.###


You could see Terence and a bat.

Vanquished Creatures
  Robin (D:2)
  A dart slug (D:1)
  3 leopard geckos (D:1)
  4 bats
  2 giant cockroaches
  10 goblins
  2 hobgoblins (D:2)
  2 jackals (D:2)
  4 kobolds
  2 frilled lizards (D:1)
  5 rats (D:1)
36 creatures vanquished.

Notes
Turn   | Place    | Note
-------+----------+-------------------------------------------
     0 | D:1      | Holzbalken the Demonspawn Gladiator began the quest for the
                  | Orb.
     0 | D:1      | Reached XP level 1. HP: 16/16 MP: 1/1
   122 | D:1      | Reached skill level 3 in Maces & Flails
   293 | D:1      | Gained mutation: You have sharp fingernails. [demonic
                  | ancestry]
   293 | D:1      | Reached XP level 2. HP: 22/22 MP: 2/2
  1043 | D:2      | Noticed Robin
  1125 | D:2      | Gained mutation: You have very sharp fingernails. [demonic
                  | ancestry]
  1125 | D:2      | Reached XP level 3. HP: 24/27 MP: 3/3
  1200 | D:2      | Reached skill level 4 in Maces & Flails
  1231 | D:2      | Killed Robin
  1440 | D:2      | Noticed Terence
  1458 | D:2      | Slain by Terence

Levels and vault maps discovered:
D:1:      lightli_arrival_isolated_outpost, layout_loops_corners
D:2:      layout_loops_cross, old_standard_altar, uniq_jessica, uniq_terence,
          uniq_robin, uniq_natasha

Skill      XL: |  1  2  3 |
---------------+----------+-----
Maces & Flails | 3 4 |  4.2
Fighting       | |  2.0
Throwing       | |  1.7
Dodging        | |  2.6

Action                   || total
-------------------------++-------
Melee: Flail             ||   107
  Use: Potion            ||     1
 Stab: Sleeping          ||     3
  Eat: Chunk             ||     2
Armor: Leather armour    ||    18
Dodge: Dodged            ||    58

Table legend:
 A = Non-vault XP
 B = Vault XP
 C = Vault XP percentage of total XP
 D = Non-vault monster count
 E = Vault monster count
 F = Vault count percentage of total count
                 A         B        C        D         E       F
            +---------+---------+-------+---------+---------+-------
      Total |      47 |      30 |  39.0 |      27 |       9 |  25.0
            +---------+---------+-------+---------+---------+-------
        D:1 |      37 |       0 |   0.0 |      21 |       0 |   0.0
        D:2 |      10 |      30 |  75.0 |       6 |       9 |  60.0
            +---------+---------+-------+---------+---------+-------
